 Dungeon Crawl Stone Soup version 0.30-a0-924-g0ad0bf95bc (webtiles) character file.

Game seed: 6327033197125109855

19541 Firecrotchwizard the Severer (level 12, -2/118 HPs)
             Began as a Hill Orc Monk on Mar 23, 2023.
             Was a Believer of Beogh.
             Succumbed to their own poison gas
             ... on level 3 of the Lair of Beasts.
             The game lasted 00:47:27 (21541 turns).

Firecrotchwizard the Severer (Hill Orc Monk)       Turns: 21541, Time: 00:47:27

Health: -2/118     AC: 14    Str: 25    XL:     12   Next: 70%
Magic:  18/18      EV: 14    Int: 10    God:    Beogh [**....]
Gold:   647        SH:  5    Dex: 13    Spells: 11/11 levels left

rFire   . . .      SeeInvis .    O - +2 war axe (flame)
rCold   . . .      Faith    .    (no shield)
rNeg    . . .      Spirit   .    l - +0 chain mail
rPois   .          Reflect  +    (no helmet)
rElec   .          Rampage  .    j - +0 cloak
rCorr   .                        a - +0 pair of gloves
Will    .....                    v - +0 pair of boots Stlth
                                 r - amulet of reflection
HPRegen 0.39/turn                x - +6 ring of strength
MPRegen 0.16/turn                E - +5 ring of evasion

@: lethally poisoned (-2 -> -20), on berserk cooldown, slowed, very slow
A: no striking features
a: Renounce Religion, Smiting


You were on level 3 of the Lair of Beasts.
You worshipped Beogh.
Beogh was pleased with you.
You visited 2 branches of the dungeon, and saw 14 of its levels.

You collected 647 gold pieces.

Inventory:

Hand Weapons
 p - a +2 short sword of venom
   (You took it off a kobold on level 6 of the Dungeon)
 D - a +4 war axe
   (You took it off a wight on level 6 of the Dungeon)
 J - a +5 battleaxe
   (You took it off a wight on level 7 of the Dungeon)
 O - a +2 war axe of flaming (weapon)
   (You took it off Maggie on level 6 of the Dungeon)
Missiles
 g - 50 poisoned darts
 o - 2 throwing nets {!d}
 s - 25 stones (quivered)
 t - 17 boomerangs
 L - a curare-tipped dart
Armour
 a - a +0 pair of gloves (worn)
   (You found it on level 2 of the Lair of Beasts)
 j - a +0 cloak (worn)
   (You found it on level 5 of the Dungeon)
 l - a +0 chain mail (worn)
   (You found it on level 6 of the Dungeon)
 v - a +0 pair of boots (worn)
   (You found it on level 2 of the Lair of Beasts)
 S - +0 acid dragon scales
   (You took it off Maggie on level 6 of the Dungeon)
Magical Staves
 b - a staff of fire {rF+}
   (You found it on level 4 of the Dungeon)
Jewellery
 c - a ring of ice {rC+, rF-}
   (You took it off Fannar on level 2 of the Lair of Beasts)
 f - a ring of fire {rF+, rC-}
   (You found it on level 10 of the Dungeon)
 h - a ring of see invisible {sInv, !d}
   (You found it on level 6 of the Dungeon)
 r - an amulet of reflection (around neck)
   (You found it on level 9 of the Dungeon)
 x - a +6 ring of strength (left hand)
   (You took it off a centaur on level 10 of the Dungeon)
 C - a ring of resist corrosion
   (You found it on level 6 of the Dungeon)
 E - a +5 ring of evasion (right hand)
   (You found it on level 2 of the Lair of Beasts)
 F - a ring of protection from fire {rF+, !d}
   (You found it on level 9 of the Dungeon)
 I - a +6 ring of intelligence
   (You found it on level 1 of the Lair of Beasts)
 P - a ring of poison resistance {rPois, !d}
   (You found it on level 2 of the Lair of Beasts)
Wands
 e - a wand of charming (14)
   (You found it on level 5 of the Dungeon)
 q - a wand of flame (6)
   (You found it on level 10 of the Dungeon)
 y - a wand of mindburst (7)
   (You took it off a wight on level 7 of the Dungeon)
 Z - a wand of roots (6)
   (You found it on level 10 of the Dungeon)
Scrolls
 d - a scroll of fog
 i - 3 scrolls of poison {!r}
 k - a scroll of brand weapon
 K - 3 scrolls of immolation {!r}
 Q - a scroll of enchant weapon
 V - 5 scrolls of vulnerability {!r!r}
 X - 2 scrolls of magic mapping {@r4!r}
 Y - 5 scrolls of teleportation {@r3}
Potions
 m - a potion of degeneration {unknown}
 n - a potion of curing {unknown}
 u - a potion of invisibility {unknown}
 w - 2 potions of cancellation {unknown}
 z - 3 potions of attraction {!q}
 A - a potion of magic {unknown}
 B - 2 potions of brilliance
 G - a potion of ambrosia {!q}
 H - 3 potions of haste
 M - 3 potions of might
 R - 2 potions of resistance
 T - a potion of berserk rage {!q}
 U - 2 potions of mutation {!q}
 W - 2 potions of lignification {unknown}


   Skills:
 + Level 14.5 Fighting
 - Level 17.7 Axes
 + Level 7.7 Armour
 - Level 2.4 Dodging
 - Level 1.5 Stealth
 + Level 9.3 Invocations


You had 11 spell levels left.
You didn't know any spells.
Your spell library contained the following spells:

 Spells                   Type           Power      Damage    Failure   Level
 Sting                    Tmut/Pois      0%         1d3       91%         1
 Summon Small Mammal      Summ           0%         N/A       91%         1
 Blink                    Tloc           0%         N/A       97%         2
 Lesser Beckoning         Tloc           0%         N/A       97%         2
 Momentum Strike          Conj/Tloc      0%         3d8       97%         2
 Poisonous Vapours        Pois/Air       0%         N/A       97%         2
 Call Canine Familiar     Summ           0%         N/A       99%         3
 Gell's Gravitas          Tloc           0%         N/A       99%         3
 Inner Flame              Hex/Fire       0%         N/A       99%         3
 Portal Projectile        Hex/Tloc       0%         N/A       99%         3
 Summon Guardian Golem    Hex/Summ       0%         N/A       99%         3
 Teleport Other           Tloc           0%         N/A       99%         3
 Tukima's Dance           Hex            0%         N/A       99%         3
 Cause Fear               Hex            0%         N/A       100%        4
 Olgreb's Toxic Radiance  Pois           0%         N/A       100%        4
 Blade Hands              Tmut           0%         N/A       100%        5
 Dispersal                Tloc           0%         N/A       100%        6
 Discord                  Hex            0%         N/A       100%        8


Dungeon Overview and Level Annotations

Branches:
Dungeon (11/15)            Temple (0/1) D:7            Lair (3/5) D:8
 Spider (0/4) Lair:2
  Swamp: Lair:2-3    Shoals: Lair:2-3       Orc: D:9-12

Altars:
Ashenzari
Cheibriados
Dithmenos
Elyvilon
Fedhas
Hepliaklqana
Nemelex Xobeh
Ru
Sif Muna
Xom
Yredelemnul
Zin

Shops:
D:2 *

Annotations:
D:3 2 transporters, Rudyous's ghost, amateur GnIE
D:6 1 runed translucent door, exclusion: door, Crazy Yiuf
Lair:1 exclusion: 2 oklob plants


Message History

You slice the elephant!! You burn the elephant!
You kill the elephant!
Beogh accepts your kill.
Your Invocations skill increases to level 9!
You slash the elephant! You burn the elephant. The elephant tramples you!
You stumble backwards!
The blink frog blinks!
You take 10 damage, and have 74/118 hp.
Really read
i - 4 scrolls of poison {!r}?
Really read the scroll of poison?
The air fills with toxic fumes!
As you read the scroll of poison {!r}, it crumbles to dust.
The elephant tramples you but does no damage.
The elephant trunk-slaps you but does no damage.
You slash the elephant! You burn the elephant.
You completely miss the elephant. The elephant tramples you!
You stumble backwards!
The elephant is engulfed in poison gas.
The elephant is poisoned.
You take 7 damage, and have 68/118 hp.
You feel much better.
You are engulfed in poison gas.
You are poisoned.
You feel very sick.
The elephant is engulfed in poison gas.
The elephant looks even sicker.
The elephant tramples you.
You hold your ground!
The elephant barely misses you. x2
The elephant trunk-slaps you but does no damage.
You regained 11 hp, and now have 79/118 hp.
You slice the elephant!! You burn the elephant. You slash the elephant!
You burn the elephant.
You are engulfed in poison gas.
You are more poisoned.
You feel very sick.
You take 4 damage, and have 75/118 hp.
You hit the elephant. You burn the elephant. You slice the elephant!!
You burn the elephant.
You are engulfed in poison gas.
You are more poisoned.
You feel very sick.
The elephant is engulfed in poison gas.
The elephant looks even sicker.
The elephant barely misses you. You block the elephant's attack. x2
The elephant barely misses you.
You take 12 damage, and have 63/118 hp.
You completely miss the elephant. You hit the elephant. You burn the elephant.
You are engulfed in poison gas.
You are more poisoned.
You feel extremely sick.
The elephant is engulfed in poison gas.
The elephant looks as sick as possible!
You kill the elephant!
Beogh accepts your kill. The elephant misses you.
The elephant trunk-slaps you but does no damage.
You take 9 damage, and have 54/118 hp.
You hit the elephant but do no damage.
You are engulfed in poison gas.
You are lethally poisoned!
You feel extremely sick.
The blink frog is engulfed in poison gas.
The blink frog is poisoned.
The blink frog is engulfed in poison gas.
The blink frog is poisoned.
You take 13 damage, and have 41/118 hp.
You slash the elephant! You burn the elephant.
You kill the elephant!
Beogh accepts your kill.
You are engulfed in poison gas.
You are more poisoned.
* * * LOW HITPOINT WARNING * * *
You feel extremely sick.
The blink frog is engulfed in poison gas.
The blink frog looks even sicker.
The blink frog blinks!
The blink frog looks even sicker.
You take 14 damage, and have 27/118 hp.
* * * LOW HITPOINT WARNING * * *
You feel extremely sick.
You take 15 damage, and have 12/118 hp.
You feel much better.
* * * LOW HITPOINT WARNING * * *
You feel extremely sick.
The blink frog blinks!
You regained 3 hp, and now have 15/118 hp.
It was a potion of berserk rage.
A red film seems to cover your vision as you go berserk!
You feel yourself moving faster!
You feel mighty!
T - a potion of berserk rage;
x - a +6 ring of strength (left hand)
* * * LOW HITPOINT WARNING * * *
You feel extremely sick.
You now have 15/177 hp.
You feel a strong urge to attack something.
* * * LOW HITPOINT WARNING * * *
You feel very sick.
You take 5 damage, and have 10/177 hp.
* * * LOW HITPOINT WARNING * * *
You feel very sick.
The blink frog blinks!
You take 3 damage, and have 7/177 hp.
You feel your anger nearly subside.
* * * LOW HITPOINT WARNING * * *
You feel very sick.
You take 5 damage, and have 2/177 hp.
You are no longer berserk.
You are exhausted.
You feel yourself slow down.
You die...

..... ...... .....
....... ..!...
....... ......
##....... ....§.#
#........
....§°☼#####F.......
#...°○.☼§○##○☼°.....
#..☼○.☼.....☼○.....
...#.§°#..☼°@.§.....
#...##§##.☼§.....
..#.. #####§○...F.
... #.# #...... ..
+. ####.. . #. # #.


You could see 2 blink frogs.

Vanquished Creatures
  Fannar (Lair:2)
  Harold (Lair:2)
  A catoblepas (D:8)
  Erica (D:7)
  2 death yaks (Lair:1)
  7 elephants
  A cane toad (D:8)
  A kobold demonologist (D:10)
  6 komodo dragons
  2 trolls
  2 blink frogs
  A hornet (Lair:2)
  A slime creature (D:6)
  A shadow (D:10)
  3 wyverns
  2 culicivoras (Lair:2)
  A wraith (D:9)
  16 yaks
  2 vampire mosquitoes (D:10)
  Menkaure (D:6)
  3 steam dragons (D:7)
  A redback (Lair:2)
  Duvessa (D:7)
  6 water moccasins
  2 ice beasts
  A black bear (D:4)
  4 ogres
  2 centaurs
  3 wolves
  A phantom (D:5)
  4 kobold brigands
  4 bullfrogs
  A gnoll sergeant (D:7)
  6 wights
  2 scorpions
  Dowan (D:7)
  6 killer bees (D:10)
  3 electric eels
  3 howler monkeys
  A jelly (D:6)
  3 hounds
  A gnoll bouda (D:7)
  3 orc priests
  An iguana (D:5)
  4 orc wizards
  9 gnolls (D:7)
  4 adders
  4 worms
  3 dart slugs
  3 orcs
  6 ball pythons
  10 endoplasms
  2 giant cockroaches
  11 goblins
  10 hobgoblins
  2 jackals (D:2)
  14 kobolds
  A quokka (D:4)
  A bat (D:3)
  5 frilled lizards
  8 rats
213 creatures vanquished.

Vanquished Creatures (collateral kills)
  2 death yaks (Lair:1)
  An elephant (D:8)
  Maggie (D:6)
  A cane toad (D:8)
  A troll (D:10)
  2 blink frogs (D:8)
  8 yaks
  A redback (Lair:1)
  2 vampire mosquitoes (D:10)
  A steam dragon (D:6)
  An acid dragon (D:10)
  A water moccasin (Lair:1)
  A wolf (D:8)
  A kobold brigand (D:8)
  2 bullfrogs
  2 wights (D:6)
  2 howler monkeys
  A hound (D:5)
  A jelly (D:6)
  2 sleepcaps (D:6)
  2 gnolls (D:7)
  An ufetubus (D:5)
  3 orcs
  9 kobolds
49 creatures vanquished.

Vanquished Creatures (others)
  2 orcs
  11 fungi
  10 plants
  8 toadstools (D:6)
31 creatures vanquished.

Grand Total: 293 creatures vanquished

Notes
Turn   | Place    | Note
-------+----------+-------------------------------------------
     0 | D:1      | Firecrotchwizard the Hill Orc Monk began the quest for the
                  | Orb.
     0 | D:1      | Reached XP level 1. HP: 19/19 MP: 1/1
   173 | D:1      | Reached XP level 2. HP: 27/27 MP: 2/2
   309 | D:3      | Reached skill level 4 in Fighting
   337 | D:3      | Found a transporter.
   337 | D:3      | Noticed Rudyous's ghost (amateur GnIE)
   337 | D:3      | Noticed a water moccasin
   342 | D:3      | Found a transporter.
   416 | D:3      | Reached skill level 5 in Axes
   536 | D:3      | Reached XP level 3. HP: 33/33 MP: 3/3
   621 | D:3      | Became a worshipper of Beogh the Brigand
   621 | D:3      | Reached * piety under Beogh
   621 | D:3      | Reached ** piety under Beogh
  1032 | D:3      | Reached XP level 4. HP: 41/41 MP: 4/4
  1646 | D:2      | Found Coif's Assorted Antiques.
  1740 | D:2      | Reached skill level 6 in Axes
  2442 | D:4      | Noticed a scorpion
  2442 | D:4      | Found a shimmering blue altar of Sif Muna.
  2676 | D:4      | Reached XP level 5. HP: 18/47 MP: 5/5
  2812 | D:4      | Reached skill level 5 in Fighting
  2894 | D:4      | Reached *** piety under Beogh
  2995 | D:4      | Noticed a black bear
  3003 | D:4      | Killed a black bear
  3004 | D:4      | Reached skill level 7 in Axes
  3004 | D:4      | Reached XP level 6. HP: 41/56 MP: 6/6
  3177 | D:4      | Found a glowing silver altar of Zin.
  3364 | D:4      | Found a hazy altar of Hepliaklqana.
  3368 | D:4      | Found a basalt altar of Yredelemnul.
  3373 | D:4      | Found a snail-covered altar of Cheibriados.
  3436 | D:5      | Entered Level 5 of the Dungeon
  3511 | D:5      | Noticed an ice beast
  3522 | D:5      | Killed an ice beast
  3523 | D:5      | Reached skill level 8 in Axes
  3677 | D:5      | Reached skill level 6 in Fighting
  3807 | D:5      | Reached XP level 7. HP: 60/63 MP: 7/7
  4014 | D:5      | Reached skill level 9 in Axes
  4386 | D:6      | Found a shimmering altar of Xom.
  4682 | D:6      | Reached skill level 10 in Axes
  4694 | D:6      | Reached skill level 7 in Fighting
  4694 | D:6      | Reached XP level 8. HP: 47/73 MP: 8/8
  4755 | D:6      | HP: 17/73 [poisoned by a kobold brigand]
  4760 | D:6      | HP: 13/73 [poisoned by a kobold brigand]
  4796 | D:6      | HP: 18/73 [poisoned by a kobold]
  4801 | D:6      | HP: 14/73 [poisoned by a kobold]
  5279 | D:6      | Noticed a slime creature
  5291 | D:6      | HP: 18/73 [slime creature (16)]
  5293 | D:6      | HP: 7/73 [slime creature (4)]
  5294 | D:6      | Killed a slime creature
  5295 | D:6      | Reached skill level 11 in Axes
  5550 | D:6      | Reached skill level 8 in Fighting
  6082 | D:6      | Found a sparkling altar of Nemelex Xobeh.
  6150 | D:6      | Found a broken altar of Ashenzari.
  6248 | D:6      | Found a runed translucent door.
  6249 | D:6      | Noticed Crazy Yiuf
  6718 | D:6      | Reached skill level 12 in Axes
  7127 | D:6      | HP: 16/66 [wight/+0 falchion (9)]
  7318 | D:6      | HP: 10/62 [wight/+3 halberd (11)]
  7516 | D:6      | Reached XP level 9. HP: 71/73 MP: 9/9
  7732 | D:7      | Noticed Maggie
  7882 | D:6      | Killed Maggie
  7883 | D:6      | Reached skill level 9 in Fighting
  7883 | D:6      | Reached skill level 13 in Axes
  7990 | D:7      | Noticed Menkaure
  8123 | D:6      | Killed Menkaure
  8226 | D:7      | Noticed Dowan
  8241 | D:7      | Killed Dowan
  8446 | D:7      | Noticed Duvessa
  8454 | D:7      | Killed Duvessa
  8604 | D:7      | Reached skill level 14 in Axes
  8995 | D:7      | Reached skill level 10 in Fighting
  9283 | D:7      | Found a staircase to the Ecumenical Temple.
  9325 | D:7      | Found a sacrificial altar of Ru.
  9603 | D:8      | Noticed Erica
  9690 | D:7      | Reached XP level 10. HP: 93/93 MP: 10/10
  9785 | D:7      | Reached skill level 15 in Axes
 10148 | D:7      | HP: 23/93 [Erica/bolt of poison (29)]
 10151 | D:7      | Killed Erica
 10153 | D:7      | HP: 17/94 [poisoned by Erica (bolt of poison)]
 10733 | D:8      | Found a staircase to the Lair.
 11519 | D:9      | Found a white marble altar of Elyvilon.
 11704 | D:8      | Reached skill level 16 in Axes
 11924 | D:8      | Reached skill level 11 in Fighting
 13261 | D:10     | Entered Level 10 of the Dungeon
 13813 | D:10     | Noticed a kobold demonologist
 13830 | D:10     | Noticed a sun demon
 13832 | D:10     | Killed a kobold demonologist
 13833 | D:10     | Reached skill level 17 in Axes
 14183 | D:9      | Reached XP level 11. HP: 92/104 MP: 11/11
 14548 | D:9      | Reached skill level 12 in Fighting
 14718 | D:10     | Found a shadowy altar of Dithmenos.
 14720 | D:10     | Found a blossoming altar of Fedhas.
 15576 | D:10     | Reached skill level 1 in Invocations
 15580 | D:10     | Reached skill level 1 in Armour
 15712 | D:11     | Noticed a boulder beetle
 15731 | D:10     | Reached skill level 2 in Invocations
 15963 | Lair:1   | Entered Level 1 of the Lair of Beasts
 16051 | D:8      | Reached skill level 2 in Armour
 16210 | Lair:1   | Noticed an oklob plant
 16322 | Lair:1   | Reached skill level 3 in Invocations
 16813 | D:8      | Reached skill level 3 in Armour
 16929 | Lair:1   | Noticed an oklob plant
 17016 | Lair:1   | HP: 24/105 [komodo dragon (11)]
 17018 | Lair:1   | Reached skill level 4 in Invocations
 17588 | D:8      | Reached skill level 4 in Armour
 17588 | D:8      | Reached skill level 5 in Invocations
 17604 | D:8      | Reached skill level 13 in Fighting
 17809 | Lair:1   | Noticed a catoblepas
 17857 | D:8      | Killed a catoblepas
 18089 | D:8      | Reached skill level 6 in Invocations
 18245 | Lair:1   | Reached skill level 5 in Armour
 18855 | Lair:1   | Reached XP level 12. HP: 95/115 MP: 16/16
 18872 | Lair:1   | Reached skill level 7 in Invocations
 19161 | Lair:2   | Noticed a death yak
 19161 | Lair:2   | Noticed a death yak
 19161 | Lair:2   | Noticed a death yak
 19161 | Lair:2   | Noticed a death yak
 19167 | Lair:1   | Killed a death yak
 19168 | Lair:1   | Reached skill level 6 in Armour
 19630 | Lair:2   | Noticed Harold
 19645 | Lair:2   | Killed Harold
 19673 | Lair:2   | HP: 25/116 [culicivora (8)]
 19911 | Lair:2   | Found a hole to the Spider Nest.
 20407 | Lair:1   | Killed a death yak
 20407 | Lair:1   | Gained Warbeogh as an ally
 20408 | Lair:1   | Reached skill level 14 in Fighting
 20408 | Lair:1   | Reached skill level 8 in Invocations
 20415 | Lair:1   | Killed a death yak
 20537 | Lair:1   | Killed a death yak
 20538 | Lair:1   | Reached skill level 7 in Armour
 20631 | Lair:2   | Noticed Fannar
 20644 | Lair:2   | Killed Fannar
 21525 | Lair:3   | Reached skill level 9 in Invocations
 21534 | Lair:3   | HP: 27/118 [poisoned by you (poison gas)]
 21535 | Lair:3   | HP: 12/118 [poisoned by you (poison gas)]
 21540 | Lair:3   | HP: 2/177 [poisoned by you (poison gas)]
 21541 | Lair:3   | Succumbed to their own poison gas

Illustrated notes

Levels and vault maps discovered:
D:1:      lemuel_arrival_lava_pool, layout_basic
D:2:      layout_loops_ring, serial_shops, nicolae_shop_advertising_works
          [nicolae_subvault_shop_adworks]
D:3:      kennysheep_the_goblin_king, layout_basic, gammafunk_ghost_arena
D:4:      layout_rooms, grunt_temple_overflow_diamond, lemuel_crystal_altar,
          mainiacjoe_overflow_chevrons, hangedman_feature_mirror
D:5:      layout_cave_pools
D:6:      cheibrodos_fertilizer, layout_layer_cave, nemelex_dance_club_becter,
          mainiacjoe_overflow_alcove_4, xom_teletrap_fun,
          uniq_crazy_yiuf_cottage
D:7:      layout_loops_ring, kennysheep_little_box, minmay_temple_entry_mist,
          serial_rivers, chequers_serial_rivers_room_a,
          chequers_serial_rivers_room_b, chequers_serial_rivers_micro_e,
          chequers_serial_rivers_marsh, kennysheep_potato, uniq_maggie,
          uniq_duvessa, uniq_menkaure
D:8:      layout_rooms, lair_entry_dummy, serial_curves, eino_curves_01,
          eino_curves_02, uniq_erica
D:9:      layout_basic, elyvilon_altar_4
D:10:     layout_basic, mainiacjoe_overflow_catwalk_spiral
D:11:     layout_rooms, kennysheep_orc_monster_closet_entryway
Lair:1:   layout_hall_layers, minmay_lair_oklob_bushes, serial_bayou_pond_b,
          serial_bayou_shore_a, grunt_megastairs_5
Lair:2:   layout_cave_pods, spider_nest_entry_funnel_web,
          nicolae_quartered_pool_medium, serial_bayou_pond_d, wad_woods_road_02,
          uniq_harold, uniq_fannar
Lair:3:   layout_cave_pods, minmay_shoals_entry_centaurs,
          hellmonk_ghost_happy_afterlife, st_stairs_5, grunt_megastairs_2

Skill      XL: |  1  2  3  4  5  6  7  8  9 10 11 12 |
---------------+-------------------------------------+-----
Fighting       | 4 5 6 7 8 10 11 13 14 | 14.5
Axes           | 5 6 7 8 10 12 14 17 | 17.7
Invocations    | 6 9 |  9.3
Armour         | 5 7 |  7.7
Dodging        | |  2.4
Stealth        | |  1.5

Action                     |  1- 3 |  4- 6 |  7- 9 | 10-12 || total
---------------------------+-------+-------+-------+-------++-------
  Melee: Hand axe          |   125 |   172 |       |       ||   297
         War axe           |       |    22 |   200 |   327 ||   549
         Punch             |       |       |     5 |     2 ||     7
  Throw: Dart              |       |     9 |       |       ||     9
 Invoke: Convert to Beogh  |     1 |       |       |       ||     1
         Smiting           |       |     2 |     9 |    12 ||    23
  Evoke: Wand              |       |       |     1 |     2 ||     3
    Use: Potion            |       |     1 |       |     6 ||     7
         Scroll            |       |     8 |     2 |     7 ||    17
   Stab: Sleeping          |     2 |       |       |       ||     2
         Distracted        |       |       |     1 |     5 ||     6
         Confused          |       |       |       |     2 ||     2
         Paralysed         |       |       |       |     3 ||     3
 Armour: Ring mail         |    50 |    50 |    23 |       ||   123
         Robe              |     1 |       |       |       ||     1
         Chain mail        |       |       |    40 |   136 ||   176
         Acid dragon scale |       |       |       |    28 ||    28
  Dodge: Dodged            |    52 |    73 |   105 |   192 ||   422
  Block: Other             |       |       |       |    59 ||    59

Table legend: (Time is in decaauts)
 A = Elapsed time spent in this place.
 B = Non-inter-level travel time spent in this place.
 C = Inter-level travel time spent in this place.
 D = Time resting spent in this place.
 E = Time spent auto-exploring this place.
 F = Levels seen in this place.
 G = Mean time per level.
                   A        B        C        D        E       F      G
               +--------+--------+--------+--------+--------+-----+--------+
         Total |  21547 |  20652 |    895 |   8394 |   8674 |  14 | 1539.1 |
       Dungeon |  17227 |  16429 |    798 |   6812 |   7040 |  11 | 1566.1 |
          Lair |   4320 |   4223 |     97 |   1582 |   1633 |   3 | 1440.0 |
               +--------+--------+--------+--------+--------+-----+--------+

Top non-repeatable levels by time:
     D:6: 3439 daAuts
     D:8: 2610 daAuts
     D:7: 2588 daAuts
  Lair:2: 2335 daAuts
    D:10: 2223 daAuts
  Lair:1: 1953 daAuts
     D:9: 1882 daAuts
     D:3: 1132 daAuts
     D:5: 1005 daAuts
     D:4: 890 daAuts
     D:2: 862 daAuts
     D:1: 564 daAuts
  Lair:3: 31 daAuts
    D:11: 26 daAuts

Table legend:
 A = Kills in this place as a percentage of kills in the entire game.
 B = Kills by you in this place as a percentage of kills by you in the entire game.
 C = Kills by friends in this place as a percentage of kills by friends in the entire game.
 D = Other kills in this place as a percentage of other kills in the entire game.
 E = Experience gained in this place as a percentage of experience gained in the entire game.
 F = Experience gained in this place divided by the number of levels of this place that you have seen.
                   A       B       C       D       E      F
               +-------+-------+-------+-------+-------+----------------------
         Total | 100.0 | 100.0 | 100.0 |   N/A | 100.0 | 1994.0
       Dungeon |  84.0 |  83.6 |  85.7 |   N/A |  58.3 | 1480.4
          Lair |  16.0 |  16.4 |  14.3 |   N/A |  41.7 | 3877.3
               +-------+-------+-------+-------+-------+----------------------
